 Dungeon Crawl Stone Soup version 0.30-a0-782-ge64f9170bb (webtiles) character file.

Game seed: 11337642257355050243

100361 shadizar the Fighter (level 16, -18/108 HPs)
             Began as a Gargoyle Fighter on Mar 17, 2023.
             Was an Elder of Okawaru.
             Demolished by a merfolk impaler
             ... wielding a +1 trident of flaming
              (25 damage)
             ... on level 1 of the Shoals on Mar 18, 2023.
             The game lasted 01:24:43 (29159 turns).

shadizar the Fighter (Gargoyle Fighter)            Turns: 29159, Time: 01:24:44

Health: -18/108    AC: 37    Str: 25    XL:     16   Next: 27%
Magic:  0/21       EV:  9    Int: 12    God:    Okawaru [****..]
Gold:   1019       SH:  0    Dex:  9    Spells: 15/15 levels left

rFire   + + .      SeeInvis +    C - +4 long sword (freeze)
rCold   + + +      Faith    .    s - +18 shield of the Gong {Loud rN+ Will+ rCorr EV-5}
rNeg    + + .      Spirit   +    k - +1 chain mail of the Bedazzling Gods {rF+ rC+}
rPois   ∞          Reflect  .    Y - +2 helmet {SInv}
rElec   +          Harm     .    (no cloak)
rCorr   +          Rampage  .    P - +1 pair of gloves "Vetigur" {*Slow rElec rC++ rCorr}
Will    ++...                    w - +0 pair of boots Stlth
                                 e - brooch of Shielding {Spirit SH+8}
HPRegen 0.38/turn                p - ring of protection from fire
MPRegen 0.17/turn                B - ring of the Octopus King {Wiz HP+2 AC+2 EV+2 SH+2}

@: confused, about to teleport, heroic, ambrosia-drunk, spiked, flying
A: sickness immunity, AC +12, big wings, negative energy resistance 1,
electricity resistance, torment resistance 1, petrification resistance
a: Renounce Religion, Heroism, Finesse


You were on level 1 of the Shoals.
You worshipped Okawaru.
Okawaru was greatly pleased with you.
You visited 5 branches of the dungeon, and saw 23 of its levels.
You also visited: Gauntlet.

You collected 2636 gold pieces.
You spent 1617 gold pieces at shops.

Inventory:

Hand Weapons
 g - a +2 flail of protection
 l - a +2 demon trident of freezing
 n - a +3 long sword of holy wrath
 u - a +4 heavy battleaxe
 C - a +4 long sword of freezing (weapon)
 M - a +0 demon trident of flaming
 N - a +3 battleaxe of flaming
 W - a +2 sling of flaming
 Z - a +1 heavy broad axe
Missiles
 Q - 51 stones (quivered)
Armour
 c - a +0 buckler
 i - a +3 chain mail
 k - the +1 chain mail of the Bedazzling Gods (worn) {rF+ rC+}
   (You bought it in a shop on level 2 of the Orcish Mines)

   rF:        It protects you from fire.
   rC:        It protects you from cold.
 q - an orb of wrath
 s - the +18 shield of the Gong (worn) {Loud rN+ Will+ rCorr EV-5}
   (You bought it in a shop on level 2 of the Orcish Mines)

   Loud:      It is deafeningly noisy when blocking attacks.
   EV:        It affects your evasion (-5).
   rN:        It protects you from negative energy.
   rCorr:     It protects you from acid and corrosion.
   Will:      It increases your willpower.
 w - a +0 pair of boots (worn)
 P - the +1 pair of gloves "Vetigur" (worn) {*Slow rElec rC++ rCorr}
   (You found it in a Gauntlet)

   rC:        It greatly protects you from cold.
   rElec:     It insulates you from electricity.
   rCorr:     It protects you from acid and corrosion.
   *Slow:     It may slow you when you take damage.
 U - a +1 troll leather armour {Snorg}
 Y - a +2 helmet of see invisible (worn)
Magical Staves
 o - a staff of earth
 S - a staff of cold
Jewellery
 e - the brooch of Shielding (around neck) {Spirit SH+8}
   (You acquired it on level 1 of the Lair of Beasts)

   [amulet of guardian spirit]

   It causes incoming damage to be divided between your reserves of health and
   magic.
   SH:        It affects your SH (+8).
 h - an amulet of regeneration
 p - a ring of protection from fire (left hand)
 y - a ring of magical power
 B - a ring of the Octopus King (right hand) {Wiz HP+2 AC+2 EV+2 SH+2}
   (You found it on level 11 of the Dungeon)

   [ring of wizardry]

   It improves your spell success rate.
   AC:        It affects your AC (+2).
   EV:        It affects your evasion (+2).
   HP:        It affects your health (+2).
   SH:        It affects your SH (+2).
 F - a ring of resist corrosion
 I - the ring "Wibudou" {Ice MP+9}
   (You found it on level 14 of the Dungeon)

   [ring of ice]

   It enhances your ice magic.
   rF:        It makes you vulnerable to fire.
   rC:        It protects you from cold.
   MP:        It affects your magic capacity (+9).
 K - an amulet of reflection
 T - a ring of ice
 V - a ring of ice
Wands
 d - a wand of polymorph (17)
 r - a wand of flame (26)
 x - a wand of roots (6)
 D - a wand of quicksilver (28)
 J - a wand of digging (9)
Scrolls
 t - 3 scrolls of teleportation
 z - a scroll of enchant armour
 E - a scroll of magic mapping
 G - a scroll of fear
 L - 2 scrolls of fog
 O - a scroll of poison
 X - 2 scrolls of amnesia
Potions
 a - 7 potions of brilliance
 b - 2 potions of attraction
 f - 3 potions of ambrosia
 j - 4 potions of lignification
 m - 5 potions of cancellation
 v - 2 potions of magic
 A - a potion of resistance
 H - 2 potions of berserk rage
Miscellaneous
 R - a condenser vane (inert)


   Skills:
 + Level 14.2(19.2) Fighting
 + Level 11.1(16.1) Long Blades
 - Level 8.3(13.6) Axes
 - Level 3.0(11.5) Maces & Flails
 + Level 12.8(17.8) Armour
 + Level 9.4(14.4) Dodging
 - Level 0.4(5.4) Stealth
 + Level 12.4(17.4) Shields
 - Level 0.3(5.3) Unarmed Combat
 + Level 7.4 Invocations
 + Level 6.2 Evocations


You had 15 spell levels left.
You didn't know any spells.
Your spell library contained the following spells:

 Spells                   Type           Power      Damage    Failure   Level
 Freeze                   Ice            0%         1d3       56%         1
 Poisonous Vapours        Pois/Air       0%         N/A       69%         2
 Frozen Ramparts          Ice            0%         1d1       89%         3
 Gell's Gravitas          Tloc           0%         N/A       89%         3
 Hailstorm                Conj/Ice       0%         3d3       89%         3
 Kindle Blastsparks       Fire/Tloc/Air  0%         2d10      89%         3
 Mephitic Cloud           Conj/Pois/Air  0%         N/A       89%         3
 Teleport Other           Tloc           0%         N/A       89%         3
 Airstrike                Air            0%         2d(0-16)  99%         4
 Fulminant Prism          Conj/Hex       0%         3d5       99%         4
 Iskenderun's Mystic Bla  Conj/Tloc      0%         2d3       99%         4
 Freezing Cloud           Conj/Ice/Air   0%         6-21      100%        5
 Lee's Rapid Deconstruct  Erth           0%         3d4*      100%        5
 Lightning Bolt           Conj/Air       0%         1d11      100%        5
 Dispersal                Tloc           0%         N/A       100%        6
 Borgnjor's Revivificati  Necr           0%         N/A       100%        8
 Necromutation            Tmut/Necr      0%         N/A       100%        8
 Polar Vortex             Ice            0%         N/A       100%        9
 Cigotuvi's Dreadful Rot  Necr/Pois/Air  Unusable   N/A       N/A         2
 Summon Lightning Spire   Summ/Air       Unusable   N/A       N/A         4
 Simulacrum               Ice/Necr       Unusable   N/A       N/A         6

Dungeon Overview and Level Annotations

Branches:
Dungeon (14/15)            Temple (1/1) D:7            Lair (5/5) D:8
 Shoals (1/4) Lair:3        Snake (0/4) Lair:3        Slime (0/5) Lair:4
    Orc (2/2) D:11            Elf (0/3) Orc:2        Vaults (0/5) D:14
Gauntlet (visited)

Altars:
Ashenzari
Cheibriados
Dithmenos
Elyvilon
Fedhas
Gozag
Hepliaklqana
Kikubaaqudgha
Makhleb
Nemelex Xobeh
Okawaru
Qazlal
Ru
Sif Muna
Trog
Uskayaw
Vehumet
Wu Jian
Xom
Yredelemnul
Zin
The Shining One
Jiyva

Shops:
D:5 :   D:14 =   Orc:2 =*[!

Portals:
Trove: D:12 (give 2 scrolls of acquirement)

Annotations:
Lair:4 exclusion: 4 oklob plants
Lair:5 exclusion: oklob plant


Innate Abilities, Weirdness & Mutations

You are immune to sickness and miasma.
Your stone body is resilient. (AC +12)
You are immune to poison.
Your large and strong wings let you fly.
You resist negative energy. (rN+)
You are resistant to electric shocks. (rElec)
You are resistant to unholy torment.
You are immune to petrification.


Message History

The merfolk impaler is engulfed in freezing vapours.
The merfolk impaler hits you but does no damage.
The merfolk impaler is engulfed in freezing vapours.
The merfolk impaler hits you from afar with a +1 trident of flaming.
* * * LOW HITPOINT WARNING * * *
The merfolk impaler is engulfed in freezing vapours.
The merfolk impaler hits you from afar with a +1 trident of flaming!
* * * LOW HITPOINT WARNING * * *
The merfolk avatar chants a haunting song.
You resist.
The merfolk impaler is engulfed in freezing vapours.
You block the merfolk impaler's attack.
GONNNNG!
The manticore flicks its tail.
The volley of spikes hits you!
The barbed spikes become lodged in your body.
* * * LOW HITPOINT WARNING * * *
The manticore is engulfed in freezing vapours.
You hear a screech! x4
Okay, then.
Okay, then.
As you read the scroll of teleportation, it crumbles to dust.
You feel strangely unstable.
The merfolk impaler is engulfed in freezing vapours.
You block the merfolk impaler's attack.
BONNNG!
The merfolk impaler is engulfed in freezing vapours.
You block the merfolk impaler's attack.
BOUMMMMG!
The manticore flicks its tail.
The volley of spikes hits you but does no damage.
An alligator snapping turtle comes into view.
The merfolk impaler is engulfed in freezing vapours.
You block the merfolk impaler's attack.
GONNNNG!
You are confused.
You feel invigorated.
The merfolk impaler is engulfed in freezing vapours.
The merfolk impaler hits you from afar with a +1 trident of flaming!!
You die...

~~~......~~~≈≈≈≈≈≈≈≈
~~~~~~~~~~~≈≈t≈≈≈≈≈≈≈≈≈≈
≈≈≈~~~~~~§§☼≈≈≈≈≈≈≈≈≈≈≈≈
≈≈≈≈≈≈≈≈≈☼§≈m§§☼≈≈≈≈≈≈≈≈
≈≈≈≈≈≈≈≈≈§§§H§§§k≈≈≈≈≈≈≈
≈≈≈≈≈≈≈≈≈≈≈☼§§§≈≈≈≈≈≈≈≈≈
≈≈≈≈≈≈≈≈≈≈≈H§≈○§§§≈≈≈≈≈≈
≈≈≈≈≈≈≈≈§§§§§°§≈≈≈≈≈≈
≈≈≈≈≈≈≈≈≈§≈m☼@§≈≈≈≈≈≈
#####################


You could see an alligator snapping turtle, a merfolk avatar, a merfolk impaler
(berserk), a wind drake (repels missiles) and 2 manticores.

Vanquished Creatures
  Jorgrun (D:14)
  Rupert (D:12)
  Frances (D:13)
  The ghost of Umoran the Earth Mage, a journeyman GrEE of Gozag (D:14)
  A dire elephant (shapeshifter) (D:12)
  A minotaur (Gauntlet)
  An entropy weaver (Gauntlet)
  Snorg (Lair:4)
  5 ogre magi
  A vault guard (D:14)
  4 hydras
  3 centaur warriors
  4 catoblepae
  Erolcha (Orc:2)
  25 two-headed ogres
  A merfolk avatar (Shoals:1)
  A merfolk aquamancer (Shoals:1)
  A boulder beetle (D:12)
  8 death yaks (Lair:5)
  An orc high priest (Orc:1)
  3 skysharks
  3 sea snakes (Shoals:1)
  A deep elf pyromancer (D:13)
  6 ugly things
  5 cyclopes
  A necromancer (Gauntlet)
  An orc sorcerer (Orc:1)
  5 manticores
  2 black mambas (Lair:5)
  15 elephants
  A merfolk siren (Shoals:1)
  A smoke demon (Gauntlet)
  10 cane toads
  Psyche (D:8)
  19 komodo dragons
  2 burning bushes (Lair:5)
  A tengu conjurer (D:13)
  A red devil (Gauntlet)
  8 trolls
  A polar bear (shapeshifter) (D:14)
  5 merfolk (Shoals:1)
  6 polar bears
  Grinder (D:6)
  A hornet (D:10)
  15 blink frogs
  A snapping turtle (Shoals:1)
  A dream sheep (Lair:5)
  A jumping spider (Gauntlet)
  2 wraiths
  A shadow (D:10)
  16 slime creatures
  70 yaks
  2 wyverns
  4 basilisks
  A steam dragon (D:8)
  5 water elementals
  6 vampire mosquitoes
  A redback (D:13)
  3 nagas (Lair:3)
  A warg (Orc:2)
  Duvessa (D:5)
  13 water moccasins
  3 acid dragons
  A sky beast (D:7)
  2 black bears (D:6)
  12 centaurs
  37 ogres
  11 orc warriors
  3 wolves (Gauntlet)
  3 kobold brigands
  3 necrophages
  6 scorpions
  14 bullfrogs
  20 wights
  Dowan (D:5)
  14 killer bees
  12 howler monkeys
  2 electric eels
  2 crimson imps (Gauntlet)
  3 hounds
  A gnoll bouda (D:7)
  14 orc priests
  Natasha (thrice) (D:3)
  4 iguanas
  14 orc wizards
  Robin (D:3)
  8 gnolls
  5 adders
  4 white imps
  44 orcs
  3 endoplasms
  5 giant cockroaches
  10 goblins
  7 hobgoblins
  2 jackals (D:3)
  19 kobolds
  6 quokkas
  3 ball pythons
  4 bats
  5 frilled lizards
  7 rats
625 creatures vanquished.

Vanquished Creatures (others)
  An orc wizard (D:11)
  A bush (Lair:5)
  4 demonic plants (Gauntlet)
  21 fungi
  49 plants
76 creatures vanquished.

Grand Total: 701 creatures vanquished

Notes
Turn   | Place    | Note
-------+----------+-------------------------------------------
     0 | D:1      | shadizar the Gargoyle Fighter began the quest for the Orb.
     0 | D:1      | Reached XP level 1. HP: 14/14 MP: 1/1
   164 | D:1      | Reached XP level 2. HP: 19/19 MP: 2/2
   612 | D:2      | Reached XP level 3. HP: 17/23 MP: 3/3
   880 | D:2      | Reached XP level 4. HP: 12/29 MP: 4/4
  1233 | D:3      | Noticed Robin
  1238 | D:3      | Reached skill level 4 in Fighting
  1268 | D:3      | Noticed Natasha
  1272 | D:3      | Killed Natasha
  1285 | D:3      | Found a faded altar of an unknown god.
  1289 | D:3      | Reached XP level 5. HP: 33/33 MP: 5/5
  1301 | D:3      | Noticed Natasha
  1310 | D:3      | Killed Natasha
  1311 | D:3      | Reached skill level 1 in Long Blades
  1425 | D:3      | Noticed Natasha
  1437 | D:3      | Killed Natasha
  1442 | D:3      | Killed Robin
  2065 | D:4      | Reached XP level 6. HP: 37/39 MP: 6/6
  2313 | D:5      | Entered Level 5 of the Dungeon
  2478 | D:5      | Found Sacad's Book Emporium.
  2499 | D:4      | HP: 1/39 [orc priest/divine providence (12)]
  2501 | D:4      | Reached XP level 7. HP: 1/44 MP: 7/7
  3187 | D:5      | Reached skill level 1 in Dodging
  3229 | D:5      | Reached skill level 5 in Fighting
  3431 | D:5      | Noticed Duvessa
  3449 | D:5      | Killed Duvessa
  3555 | D:5      | Noticed Dowan
  3572 | D:5      | Killed Dowan
  3573 | D:5      | Reached skill level 5 in Long Blades
  3888 | D:6      | Noticed Grinder
  3902 | D:6      | Reached XP level 8. HP: 31/49 MP: 8/8
  3919 | D:6      | Killed Grinder
  3920 | D:6      | Reached skill level 5 in Armour
  4569 | D:6      | Reached skill level 6 in Fighting
  4569 | D:6      | Reached skill level 5 in Shields
  4798 | D:6      | Reached XP level 9. HP: 44/55 MP: 9/9
  6279 | D:7      | Found a staircase to the Ecumenical Temple.
  6429 | Temple   | Entered the Ecumenical Temple
  6489 | Temple   | Became a worshipper of Warmaster Okawaru
  6686 | D:8      | Reached skill level 7 in Fighting
  7014 | D:8      | Reached * piety under Okawaru
  7023 | D:8      | Reached XP level 10. HP: 54/63 MP: 7/10
  7714 | D:8      | Noticed Psyche
  7856 | D:8      | Killed Psyche
  7857 | D:8      | Reached skill level 8 in Fighting
  8056 | D:8      | Found a staircase to the Lair.
  9004 | D:10     | Entered Level 10 of the Dungeon
  9066 | D:10     | Found a basalt altar of Yredelemnul.
  9072 | D:10     | Found a blossoming altar of Fedhas.
  9155 | D:10     | Reached ** piety under Okawaru
  9156 | D:10     | Reached skill level 5 in Dodging
  9241 | D:10     | Reached XP level 11. HP: 37/69 MP: 9/11
  9829 | D:11     | Found the ring of the Octopus King
  9833 | D:11     | Identified a ring of the Octopus King {Wiz HP+2 AC+2 EV+2
                  | SH+2}
 10104 | D:11     | Reached skill level 9 in Fighting
 10195 | D:11     | Noticed a catoblepas
 10226 | D:11     | Killed a catoblepas
 10418 | D:11     | Noticed a two-headed ogre
 10430 | D:11     | Killed a two-headed ogre
 10502 | D:11     | Noticed a manticore
 10512 | D:11     | Killed a manticore
 10572 | D:11     | Found a staircase to the Orcish Mines.
 10649 | D:11     | Noticed a cyclops
 10664 | D:11     | Killed a cyclops
 10854 | D:11     | Found Aniff's Antique Weapon Shop.
 11005 | D:12     | Noticed a cyclops
 11180 | Orc:1    | Entered Level 1 of the Orcish Mines
 11928 | Orc:1    | Noticed an orc high priest
 11928 | Orc:1    | Noticed an orc sorcerer
 11944 | Orc:1    | Killed an orc sorcerer
 11955 | Orc:1    | Noticed a sixfirhy
 11973 | Orc:1    | HP: 2/74 [sixfirhy[an orc high priest] (3)]
 12216 | Orc:1    | Noticed a sun demon
 12232 | Orc:1    | HP: 3/74 [orc high priest/divine providence (16)]
 12234 | Orc:1    | Killed an orc high priest
 12730 | Lair:1   | Entered Level 1 of the Lair of Beasts
 12743 | Lair:1   | Reached XP level 12. HP: 77/77 MP: 12/12
 13099 | Lair:1   | Reached skill level 10 in Fighting
 13439 | D:8      | Reached skill level 10 in Armour
 13554 | Lair:1   | Identified the +2 short sword "Vevo" {flame, Dex+3}
 14477 | Lair:2   | Reached skill level 10 in Shields
 14650 | Lair:2   | Reached skill level 1 in Axes
 15268 | Lair:2   | Reached skill level 5 in Axes
 15729 | Lair:3   | Noticed a six-headed hydra
 15730 | Lair:3   | Reached XP level 13. HP: 55/83 MP: 13/13
 15984 | Lair:3   | Found a staircase to the Shoals.
 16089 | Lair:3   | Reached *** piety under Okawaru
 16090 | Lair:3   | Reached skill level 11 in Fighting
 16837 | Lair:3   | Found a staircase to the Snake Pit.
 17016 | Lair:1   | Identified a scroll of acquirement
 17016 | Lair:1   | Acquired the brooch of Shielding {Spirit SH+8}
 17016 | Lair:1   | Found the brooch of Shielding {Spirit SH+8}
 17133 | Lair:4   | Found a gate leading to a gauntlet.
 17143 | Gauntlet | Entered a Gauntlet
 17143 | Gauntlet | Found a transporter.
 17153 | Gauntlet | Found a transporter.
 17154 | Gauntlet | Found a transporter.
 17165 | Gauntlet | Found a transporter.
 17168 | Gauntlet | Found a transporter.
 17170 | Gauntlet | Noticed a green death
 17176 | Gauntlet | Found a transporter.
 17192 | Gauntlet | Found a transporter.
 17204 | Gauntlet | Found a transporter.
 17212 | Gauntlet | Found a runed translucent door.
 17216 | Gauntlet | Found a transporter.
 17216 | Gauntlet | Noticed an entropy weaver
 17233 | Gauntlet | Found a transporter.
 17244 | Gauntlet | Found a transporter.
 17244 | Gauntlet | Found a transporter.
 17282 | Gauntlet | Found a runed translucent door.
 17285 | Gauntlet | Found a transporter.
 17299 | Gauntlet | Found a transporter.
 17839 | Gauntlet | Killed an entropy weaver
 17852 | Gauntlet | HP: 4/86 [jumping spider (12)]
 18038 | Gauntlet | Identified the +1 pair of gloves "Vetigur" {*Slow rElec
                  | rC++ rCorr}
 18048 | Gauntlet | Got the Handbook of Morality
 18145 | Gauntlet | Noticed a minotaur
 18169 | Gauntlet | Killed a minotaur
 18343 | Lair:4   | Reached skill level 12 in Fighting
 18437 | Lair:4   | Found a viscous altar of Jiyva.
 18437 | Lair:4   | Found a staircase to the Slime Pits.
 18593 | Lair:4   | Reached **** piety under Okawaru
 18940 | Lair:4   | Noticed Snorg
 18951 | Lair:4   | Killed Snorg
 19660 | Lair:5   | Entered Level 5 of the Lair of Beasts
 19704 | Lair:5   | Gained mutation: Your large and strong wings let you fly.
                  | [Gargoyle growth]
 19704 | Lair:5   | Reached XP level 14. HP: 79/92 MP: 10/14
 19711 | Lair:5   | Reached skill level 1 in Invocations
 19711 | Lair:5   | Reached skill level 1 in Evocations
 19714 | Lair:5   | Reached skill level 10 in Long Blades
 19935 | Lair:5   | Reached ***** piety under Okawaru
 20279 | Lair:5   | Reached skill level 13 in Fighting
 21219 | Lair:5   | Received a gift from Okawaru
 21950 | Orc:2    | Entered Level 2 of the Orcish Mines
 21950 | Orc:2    | Found a staircase to the Elven Halls.
 21952 | Orc:2    | Noticed Erolcha
 21962 | Orc:2    | Killed Erolcha
 22312 | Orc:2    | Paralysed by an ogre mage for 5 turns
 22328 | Orc:2    | Identified the +0 pair of gloves of Sune {rC+ Dex+3}
                  | (Okawaru gifted it to you on level 2 of the Orcish Mines)
 22328 | Orc:2    | Received a gift from Okawaru
 22353 | Orc:2    | Reached XP level 15. HP: 29/99 MP: 5/18
 22617 | Orc:2    | Reached skill level 5 in Invocations
 22637 | Orc:2    | Paralysed by an ogre mage for 3 turns
 22954 | Orc:2    | Found Lexkedad's Assorted Antiques.
 22954 | Orc:2    | Found Emezoim's Jewellery Boutique.
 22955 | Orc:2    | Found Paer's Distillery.
 22955 | Orc:2    | Found Iqulal's Armour Emporium.
 23055 | Orc:2    | Bought a translucent chain mail for 275 gold pieces
 23055 | Orc:2    | Identified the +1 chain mail of the Bedazzling Gods {rF+
                  | rC+} (You bought it in a shop on level 2 of the Orcish
                  | Mines)
 23057 | Orc:2    | Bought the +18 shield of the Gong {Loud rN+ Will+ rCorr
                  | EV-5} for 1342 gold pieces
 23057 | Orc:2    | Found the +18 shield of the Gong {Loud rN+ Will+ rCorr
                  | EV-5}
 23780 | D:12     | Found a portal to a secret trove of treasure.
 24037 | D:12     | Reached skill level 5 in Evocations
 25100 | D:13     | Noticed Rupert
 25357 | D:12     | Killed Rupert
 26097 | D:14     | Noticed Jorgrun
 26331 | D:14     | Noticed Frances
 27513 | D:14     | Found a runed translucent gate.
 27669 | D:14     | Found a runed translucent gate.
 27669 | D:14     | Found a runed translucent gate.
 27669 | D:14     | Noticed Umoran's ghost (journeyman GrEE)
 27911 | D:14     | Killed Jorgrun
 27912 | D:14     | Reached XP level 16. HP: 105/105 MP: 15/21
 27929 | D:14     | Reached skill level 14 in Fighting
 28142 | D:13     | Killed Frances
 28561 | D:14     | Found Ymacs's One-of-a-Kind Rings.
 28613 | D:14     | Found a gate to the Vaults.
 28803 | D:14     | Killed Umoran's ghost
 28809 | D:14     | Identified the ring "Wibudou" {Ice MP+9}
 29050 | Shoals:1 | Entered Level 1 of the Shoals
 29157 | Shoals:1 | HP: 1/108 [manticore/volley of spikes (5)]
 29159 | Shoals:1 | Demolished by a merfolk impaler

Illustrated notes

Levels and vault maps discovered:
D:1:      dpeg_arrival_orchard, layout_basic
D:2:      layout_rooms, serial_glass, glass_columns_c, glass_columns_c,
          item_on_display_b, minmay_strange_pillars, due_unseen_surprise,
          nicolae_concentric_dashed_squares_mild
D:3:      layout_rooms, shapermc_ecumenical_altar_venn, eino_tiny_chamber,
          uniq_natasha, uniq_robin
D:4:      layout_loops_ring, st_stairs_11
D:5:      layout_loops_ring, nicolae_stop_n_shop_1, uniq_duvessa
D:6:      layout_loops_ring, kennysheep_flooded_box, uniq_grinder
D:7:      layout_loops_ring, minmay_temple_entry_hall
D:8:      layout_rooms, erik_lair_dragon, uniq_psyche
D:9:      layout_cave_pools
D:10:     layout_cave_pools, nicolae_overflow_squiral,
          nicolae_straight_to_the_point
D:11:     layout_roguey, orc_0_dummy, serial_shops, kennysheep_mini
D:12:     layout_basic, nicolae_trove_entry_crossroad
D:13:     layout_loops_cross, kennysheep_boxes, uniq_rupert
D:14:     layout_rooms, david_vaults_5, gammafunk_ghost_hydra_chop,
          nicolae_shop_unique_rings, kennysheep_minor_cross, uniq_frances,
          uniq_jorgrun
Temple:   nicolae_temple_bog_church
Lair:1:   layout_chaotic_city, infiniplex_staircase_pool, grunt_megastairs_5,
          serial_bayou_shore_b, lemuel_fruit_tree, serial_bayou_shore_a
Lair:2:   layout_long_grid
Lair:3:   layout_misc_corridors, shoals_dummy_entry, nicolae_snake_entry_squirm,
          cheibrodos_lair_lostbears
Lair:4:   minmay_lair_oklob_tunnel, layout_regular_city, slime_entry_1,
          gauntlet_entry_generic, minivault_23, serial_bayou_pond_c,
          beast_lair_carwin_8, uniq_snorg
Lair:5:   evilmike_catoblepas_cave, layout_small_grid, evilmike_ambush
          [evilmike_ambush_outer_pillars, evilmike_ambush_inner_cross]
Shoals:1: layout_shoals, serial_shops, shop, uniq_roxanne
Orc:1:    layout_diamond_mine, kennysheep_orc_chapel
Orc:2:    st_orc_ogre_mass, layout_caves, uniq_erolcha

Skill      XL: |  1  2  3  4  5  6  7  8  9 10 11 12 13 14 15 16 |
---------------+-------------------------------------------------+-----
Maces & Flails | 3 |  3.0
Fighting       | 4 5 6 7 8 9 10 12 13 14 | 14.2
Armour         | 4 5 7 8 9 10 11 12 | 12.8
Long Blades    | 2 3 5 6 7 8 9 10 11 | 11.1
Shields        | 4 5 6 8 9 10 11 12 | 12.4
Dodging        | 1 2 3 5 6 7 8 9 |  9.4
Axes           | 6 7 8 |  8.3
Invocations    | 4 7 |  7.4
Evocations     | 3 5 6 |  6.2
Stealth        | |  0.4
Unarmed Combat | |  0.3

Action                     |  1- 3 |  4- 6 |  7- 9 | 10-12 | 13-15 | 16-18 || total
---------------------------+-------+-------+-------+-------+-------+-------++-------
  Melee: Flail             |   114 |    11 |       |       |   128 |    87 ||   340
         Long sword        |       |   146 |   490 |   934 |   926 |   101 ||  2597
         Unarmed           |       |     8 |       |       |       |       ||     8
         Battleaxe         |       |       |       |    92 |   420 |       ||   512
         Punch             |       |       |       |       |     2 |       ||     2
 Invoke: Heroism           |       |       |     1 |    49 |    38 |     5 ||    93
         Finesse           |       |       |       |       |     3 |       ||     3
  Evoke: Wand              |       |       |       |       |     6 |       ||     6
         Condenser vane    |       |       |       |       |       |     1 ||     1
    Use: Potion            |       |     1 |     3 |    11 |     5 |     2 ||    22
         Scroll            |       |       |    15 |     8 |     8 |     8 ||    39
 Armour: Scale mail        |    61 |   137 |    37 |       |       |       ||   235
         Skin              |       |     5 |       |       |       |       ||     5
         Chain mail        |       |       |   279 |   332 |   847 |   138 ||  1596
         Plate armour      |       |       |       |   437 |       |       ||   437
  Dodge: Dodged            |    71 |   116 |   166 |   473 |   650 |    62 ||  1538
  Block: Buckler           |    23 |    58 |    85 |   520 |   157 |       ||   843
         Reflection        |       |       |       |     1 |       |       ||     1
         Other             |       |       |       |    78 |   387 |       ||   465
         Kite shield       |       |       |       |       |  1269 |   405 ||  1674

Table legend: (Time is in decaauts)
 A = Elapsed time spent in this place.
 B = Non-inter-level travel time spent in this place.
 C = Inter-level travel time spent in this place.
 D = Time resting spent in this place.
 E = Time spent auto-exploring this place.
 F = Levels seen in this place.
 G = Mean time per level.
                   A        B        C        D        E       F      G
               +--------+--------+--------+--------+--------+-----+--------+
         Total |  29615 |  28328 |   1287 |     73 |  19043 |  24 | 1234.0 |
       Dungeon |  17556 |  16730 |    826 |     73 |  11737 |  14 | 1254.0 |
        Temple |    206 |    188 |     18 |      0 |    167 |   1 |  206.0 |
          Lair |   8074 |   7672 |    402 |      0 |   5241 |   5 | 1614.8 |
        Shoals |    105 |    105 |      0 |      0 |      0 |   1 |  105.0 |
  Orcish Mines |   2561 |   2522 |     39 |      0 |   1391 |   2 | 1280.5 |
      Gauntlet |   1110 |   1110 |      0 |      0 |    507 |   1 | 1110.0 |
               +--------+--------+--------+--------+--------+-----+--------+

Top non-repeatable levels by time:
    D:11: 2680 daAuts
    D:13: 2545 daAuts
  Lair:5: 2212 daAuts
  Lair:2: 1944 daAuts
     D:8: 1764 daAuts
     D:6: 1596 daAuts
  Lair:4: 1501 daAuts
   Orc:2: 1423 daAuts
     D:7: 1372 daAuts
     D:5: 1269 daAuts
  Lair:3: 1239 daAuts
  Lair:1: 1177 daAuts
   Orc:1: 1137 daAuts
Gauntlet: 1110 daAuts
    D:12: 1031 daAuts
